Islanders vs Hurricanes

Created - Wednesday, October 08, 2014 at 22:30

Goals
1 2 3 T
Islanders 0 2 0 2
Hurricanes 2 1 1 4
Shots
1 2 3 T
Islanders 2 12 7 21
Hurricanes 9 15 9 33

1st period

1. Hurricanes , Radim Vrbata 1 (Dan Girardi) at 2:26
2. Hurricanes , Stephen Gionta 1 (Francois Beauchemin, Dan Girardi) at 16:18 (SH)

Penalties :
Jiri Hudler (Car) for Roughing (Minor) at 5:27, Jamie Benn (NYI) for Tripping (Minor) at 12:42, Thomas Hickey (Car) for Hooking (Minor) at 14:41

2nd period

3. Hurricanes , Jiri Hudler 1 (Radim Vrbata, Mikhail Grabovski) at 8:38
4. Islanders , Carl Hagelin 1 (Chris Kunitz, Kyle Quincey) at 15:13
5. Islanders , Jamie Benn 1 (Joe Pavelski) at 17:21

Penalties :
No Penalty

3rd period

6. Hurricanes , Dan Girardi 1 (Mike Fisher, Marian Gaborik) at 19:10 (PP)

Penalties :
Mikhail Grabovski (Car) for Goalie Interference (Minor) at 13:00, Travis Hamonic (NYI) for Tripping (Minor) at 18:14

Goalie Stats

Braden Holtby (NYI), 29 saves from 33 shots - (0.879), L, 0-1-0, 60:00 minutes
Brian Elliott (Car), 19 saves from 21 shots - (0.905), W, 1-0-0, 60:00 minutes

Players Stats for Islanders

Player Name              G  A  P  +/- PIM S  H  SB GA TA FO     MP     PP MP  PK MP  
------------------------------------------------------------------------------------
Carl Hagelin             1  0  1   1  0   1  1  1  0  0  1/2    16:41   3:19   0:00 
Chris Kunitz             0  1  1   0  0   4  0  0  1  0  0/1    17:48   3:04   0:37 
Colton Sceviour          0  0  0   0  0   1  1  0  0  1  0/0     9:12   0:00   0:00 
Craig Adams              0  0  0   0  0   0  3  1  0  0  0/0    11:06   0:00   1:54 
David Krejci             0  0  0   1  0   1  2  0  2  0  7/11   16:41   3:19   0:00 
Erik Karlsson            0  0  0   1  0   3  0  5  2  1  0/0    24:10   3:25   0:00 
Jamie Benn               1  0  1  -1  2   5  2  0  6  0  1/2    18:57   2:38   0:00 
Jarret Stoll             0  0  0  -1  0   0  3  1  1  3  5/7    14:44   0:00   2:31 
Joe Pavelski             0  1  1  -1  0   0  1  1  1  1  6/14   18:58   2:38   0:00 
Kyle Quincey             0  1  1   0  0   1  3  1  1  1  0/0    19:06   0:41   0:41 
Lauri Korpikoski         0  0  0  -1  0   0  1  0  2  0  0/0    12:37   0:00   0:24 
Marcel Goc               0  0  0   0  0   0  0  1  0  1  3/6     9:36   0:00   0:24 
Matt Martin              0  0  0  -1  0   0  0  0  0  0  0/0    12:13   0:00   0:00 
Olli Maatta              0  0  0  -2  0   2  0  3  0  1  0/0    23:35   3:10   1:37 
Paul Martin              0  0  0   0  0   0  0  0  1  4  0/0    10:21   2:06   0:00 
Rob Scuderi              0  0  0  -1  0   0  0  1  0  2  0/0    18:15   0:40   2:14 
Travis Hamonic           0  0  0   0  2   0  2  2  1  2  0/0    23:27   1:52   1:18 
Tyler Ennis              0  0  0   0  0   3  4  1  0  1  0/1    19:31   2:53   0:00 

Players Stats for Hurricanes

Player Name              G  A  P  +/- PIM S  H  SB GA TA FO     MP     PP MP  PK MP  
------------------------------------------------------------------------------------
Aaron Ness               0  0  0   0  0   0  0  1  0  1  0/0    18:50   1:06   0:00 
Brian Flynn              0  0  0   0  0   1  0  1  1  0  1/1    13:10   0:00   2:47 
Dainius Zubrus           0  0  0  -1  0   0  2  1  1  0  0/0    16:32   0:00   3:10 
Dan Girardi              1  2  3   1  0   4  4  0  1  1  0/0    19:12   1:06   0:22 
Francois Beauchemin      0  1  1   1  0   4  2  2  0  4  0/0    22:34   1:49   3:35 
Jiri Hudler              1  0  1   2  2   7  1  0  4  0  0/0    15:00   1:19   0:00 
Loui Eriksson            0  0  0   0  0   0  0  0  1  1  1/1    15:35   1:36   0:00 
Marian Gaborik           0  1  1   0  0   4  2  0  3  0  0/1    15:35   1:36   0:00 
Mark Arcobello           0  0  0  -1  0   1  1  0  2  0  5/15   16:32   0:00   3:10 
Marty Havlat             0  0  0  -1  0   1  0  0  2  0  1/1    12:41   0:00   0:00 
Mike Fisher              0  1  1   0  0   1  1  0  3  0  3/7    15:35   1:36   0:00 
Mikhail Grabovski        0  1  1   2  2   0  1  0  1  0  7/11   14:58   1:19   0:00 
Nate Prosser             0  0  0   0  0   2  3  0  0  1  0/0    18:35   0:00   2:22 
Radim Vrbata             1  1  2   2  0   3  1  0  2  1  0/1    14:42   1:19   0:00 
Stephen Gionta           1  0  1   0  0   2  3  0  3  0  3/6    13:10   0:00   2:47 
Thomas Hickey            0  0  0   0  2   1  1  0  0  0  0/0    21:58   1:48   2:36 
Viktor Stalberg          0  0  0  -1  0   1  0  0  2  0  0/0    10:04   0:00   0:00 
Zbynek Michalek          0  0  0   0  0   1  1  1  0  2  0/0    19:12   0:00   2:59 

3 Stars

1 - Dan Girardi (Car)
2 - Radim Vrbata (Car)
3 - Carl Hagelin (NYI)

Power Play

Islanders - 0 on 3 Attempt(s) - 0.00%
Hurricanes - 1 on 2 Attempt(s) - 50.00%

Penalty Kill

Islanders - 1 on 2 Attempt(s) - 50.00% - Score 0 goal in Penalty Kill
Hurricanes - 3 on 3 Attempt(s) - 100.00% - Score 1 goal in Penalty Kill

Official

Referees : Unknown
Linesman : Unknown

Game Notes

Paul Martin is injured at 8:36 of 2nd period (Right Leg)
14:41 of 2nd period - Hurricanes goal is going for a video replay. After video review, No Goal. The goalkeeper has been pushed into the net together with the puck after making a save.

Finance

Level 1 -- Attendance: 6000 (100.00%) -- Ticket Income $480,000
Level 2 -- Attendance: 4707 (94.14%) -- Ticket Income $235,350
Level 3 -- Attendance: 1849 (92.45%) -- Ticket Income $55,470
Level 4 -- Attendance: 3692 (92.30%) -- Ticket Income $55,380
Luxury Box -- Attendance: 1000 (100.00%) -- Ticket Income $175,000
Game was played at the RBC Arena
Total Attendance: 17248 (95.82%)
Total Ticket Income: $1,001,200
Other Income: $490,588
Total Income: $1,491,788

Islanders

5 vs 5 Forward 
   Center                   Left Wing                Right Wing               Time % Phy DF OF 
 1 Joe Pavelski             Jamie Benn               Tyler Ennis              35     1   2  2  
 2 David Krejci             Chris Kunitz             Carl Hagelin             30     1   2  2  
 3 Jarret Stoll             Lauri Korpikoski         Matt Martin              22     1   2  2  
 4 Marcel Goc               Craig Adams              Colton Sceviour          13     1   2  2  

5 vs 5 Defense 
   Defense                  Defense                                           Time % Phy DF OF 
 1 Erik Karlsson            Paul Martin                                       37     1   2  2  
 2 Travis Hamonic           Kyle Quincey                                      32     1   2  2  
 3 Olli Maatta              Rob Scuderi                                       28     1   2  2  
 4 Olli Maatta              Erik Karlsson                                     3      1   2  2  

PowerPlay Forward 
   Center                   Left Wing                Right Wing               Time % Phy DF OF 
 1 Joe Pavelski             Chris Kunitz             Jamie Benn               60     1   2  2  
 2 David Krejci             Tyler Ennis              Carl Hagelin             40     1   2  2  

PowerPlay Defense
   Defense                  Defense                                           Time % Phy DF OF 
 1 Erik Karlsson            Paul Martin                                       60     1   2  2  
 2 Travis Hamonic           Olli Maatta                                       40     1   2  2  

Penalty Kill 4 Players Forward 
   Center                   Wing                     Time % Phy DF OF 
 1 Jarret Stoll             Craig Adams              60     1   2  2  
 2 Marcel Goc               Lauri Korpikoski         40     1   2  2  

Penalty Kill 4 Players Defense
   Defense                  Defense                  Time % Phy DF OF 
 1 Travis Hamonic           Rob Scuderi              60     1   2  2  
 2 Kyle Quincey             Olli Maatta              40     1   2  2  

Penalty Kill - 3 Players Forward 
   Forward                                           Time % Phy DF OF 
 1 Jarret Stoll                                      60     1   2  2  
 2 Marcel Goc                                        40     1   2  2  

Penalty Kill - 3 Players Defense
   Defense                  Defense                  Time % Phy DF OF 
 1 Travis Hamonic           Rob Scuderi              60     1   2  2  
 2 Kyle Quincey             Olli Maatta              40     1   2  2  

4 vs 4 Forward 
   Center                   Wing                     Time % Phy DF OF 
 1 Joe Pavelski             Jamie Benn               60     1   2  2  
 2 David Krejci             Chris Kunitz             40     1   2  2  

4 vs 4 Defense
   Defense                  Defense                  Time % Phy DF OF 
 1 Erik Karlsson            Paul Martin              60     1   2  2  
 2 Travis Hamonic           Olli Maatta              40     1   2  2  

Last Minutes Offensive
   Center                   Left Wing                Right Wing               Defense                  Defense                  
   Joe Pavelski             Chris Kunitz             Jamie Benn               Erik Karlsson            Paul Martin              

Last Minutes Defensive
   Center                   Left Wing                Right Wing               Defense                  Defense                  
   Jarret Stoll             Marcel Goc               Craig Adams              Travis Hamonic           Paul Martin              

Goaltenders
Starting : Braden Holtby            
Backup : Curtis McElhinney        

Extra Forwards
Normal : Joe Pavelski, Chris Kunitz, Jamie Benn - PP : Joe Pavelski, Chris Kunitz - PK : Jarret Stoll
Extra Defensemen
Normal : Paul Martin, Travis Hamonic, Erik Karlsson - PP : Erik Karlsson - PK : Paul Martin, Travis Hamonic
Penalty Shots
Jarret Stoll, Chris Kunitz, Joe Pavelski, Tyler Ennis, Kyle Quincey

Hurricanes

5 vs 5 Forward 
   Center                   Left Wing                Right Wing               Time % Phy DF OF 
 1 Mike Fisher              Loui Eriksson            Marian Gaborik           28     0   2  3  
 2 Mikhail Grabovski        Jiri Hudler              Radim Vrbata             27     0   2  3  
 3 Mark Arcobello           Dainius Zubrus           Marty Havlat             25     0   2  3  
 4 Stephen Gionta           Viktor Stalberg          Brian Flynn              20     0   2  3  

5 vs 5 Defense 
   Defense                  Defense                                           Time % Phy DF OF 
 1 Francois Beauchemin      Thomas Hickey                                     35     0   2  3  
 2 Dan Girardi              Aaron Ness                                        35     0   2  3  
 3 Zbynek Michalek          Nate Prosser                                      30     1   2  2  
 4 Francois Beauchemin      Thomas Hickey                                     0      0   2  3  

PowerPlay Forward 
   Center                   Left Wing                Right Wing               Time % Phy DF OF 
 1 Mike Fisher              Loui Eriksson            Marian Gaborik           50     0   1  4  
 2 Mikhail Grabovski        Jiri Hudler              Radim Vrbata             50     0   1  4  

PowerPlay Defense
   Defense                  Defense                                           Time % Phy DF OF 
 1 Francois Beauchemin      Thomas Hickey                                     50     0   1  4  
 2 Dan Girardi              Aaron Ness                                        50     0   1  4  

Penalty Kill 4 Players Forward 
   Center                   Wing                     Time % Phy DF OF 
 1 Stephen Gionta           Brian Flynn              50     0   4  1  
 2 Mark Arcobello           Dainius Zubrus           50     0   4  1  

Penalty Kill 4 Players Defense
   Defense                  Defense                  Time % Phy DF OF 
 1 Zbynek Michalek          Nate Prosser             50     1   4  0  
 2 Francois Beauchemin      Thomas Hickey            50     1   4  0  

Penalty Kill - 3 Players Forward 
   Forward                                           Time % Phy DF OF 
 1 Stephen Gionta                                    50     0   5  0  
 2 Mark Arcobello                                    50     0   5  0  

Penalty Kill - 3 Players Defense
   Defense                  Defense                  Time % Phy DF OF 
 1 Zbynek Michalek          Nate Prosser             50     1   4  0  
 2 Francois Beauchemin      Thomas Hickey            50     1   4  0  

4 vs 4 Forward 
   Center                   Wing                     Time % Phy DF OF 
 1 Mike Fisher              Marian Gaborik           50     0   2  3  
 2 Mikhail Grabovski        Radim Vrbata             50     0   2  3  

4 vs 4 Defense
   Defense                  Defense                  Time % Phy DF OF 
 1 Francois Beauchemin      Thomas Hickey            50     0   2  3  
 2 Dan Girardi              Aaron Ness               50     0   2  3  

Last Minutes Offensive
   Center                   Left Wing                Right Wing               Defense                  Defense                  
   Mike Fisher              Marian Gaborik           Radim Vrbata             Francois Beauchemin      Thomas Hickey            

Last Minutes Defensive
   Center                   Left Wing                Right Wing               Defense                  Defense                  
   Stephen Gionta           Dainius Zubrus           Brian Flynn              Zbynek Michalek          Francois Beauchemin      

Goaltenders
Starting : Brian Elliott            
Backup : Jhonas Enroth            

Extra Forwards
Normal : Mike Fisher, Radim Vrbata, Marian Gaborik - PP : Marian Gaborik, Radim Vrbata - PK : Stephen Gionta
Extra Defensemen
Normal : Francois Beauchemin, Thomas Hickey, Dan Girardi - PP : Francois Beauchemin - PK : Zbynek Michalek, Francois Beauchemin
Penalty Shots
Radim Vrbata, Marian Gaborik, Jiri Hudler, Mikhail Grabovski, Marty Havlat

% Time on Ice - Islanders

Lines # - Real PCT - Wanted PCT - Time Play
Normal Forward
1 - 32% - 35% - 16:20
2 - 26% - 30% - 13:22
3 - 24% - 22% - 12:14
4 - 18% - 13% - 9:12
Normal Defense
1 - 47% - 37% - 24:02
2 - 28% - 32% - 14:21
3 - 25% - 28% - 12:45
4 - 0% - 3% - 0:00
PP Forward
1 - 44% - 60% - 2:38
2 - 56% - 40% - 3:19
PP Defense
1 - 69% - 60% - 4:05
2 - 31% - 40% - 1:52
PK Forward
1 - 86% - 60% - 2:31
2 - 14% - 40% - 0:24
PK Defense
1 - 77% - 60% - 2:14
2 - 23% - 40% - 0:41
PK3 Forward
1 - 0% - 60%
2 - 0% - 40%
PK3 Defense
1 - 0% - 60%
2 - 0% - 40%
44 Forward
1 - 0% - 60%
2 - 0% - 40%
44 Defense
1 - 0% - 60%
2 - 0% - 40%
Last Minute Offensive  - 0:00
Last Minute Defensive  - 0:00
Total
Forward - 60:00
Defense - 60:00

% Time on Ice - Hurricanes

Lines # - Real PCT - Wanted PCT - Time Play
Normal Forward
1 - 28% - 28% - 14:19
2 - 28% - 27% - 14:04
3 - 25% - 25% - 12:41
4 - 20% - 20% - 10:04
Normal Defense
1 - 32% - 35% - 16:09
2 - 36% - 35% - 18:26
3 - 31% - 30% - 15:55
4 - 1% - 0% - 0:38
PP Forward
1 - 55% - 50% - 1:36
2 - 45% - 50% - 1:19
PP Defense
1 - 62% - 50% - 1:49
2 - 38% - 50% - 1:06
PK Forward
1 - 47% - 50% - 2:47
2 - 53% - 50% - 3:10
PK Defense
1 - 40% - 50% - 2:22
2 - 60% - 50% - 3:35
PK3 Forward
1 - 0% - 50%
2 - 0% - 50%
PK3 Defense
1 - 0% - 50%
2 - 0% - 50%
44 Forward
1 - 0% - 50%
2 - 0% - 50%
44 Defense
1 - 0% - 50%
2 - 0% - 50%
Last Minute Offensive  - 0:00
Last Minute Defensive  - 0:00
Total
Forward - 60:00
Defense - 60:00

Play by Play

1st period


0:01 of 1st period - Joe Pavelski wins face-off versus Mike Fisher in neutral zone.
0:50 of 1st period - Wrist shot by Erik Karlsson.
0:50 of 1st period - Deflect By Francois Beauchemin.
0:50 of 1st period - Stopped by Brian Elliott with a rebound.
1:04 of 1st period - Francois Beauchemin is hit by Carl Hagelin and loses puck.
1:36 of 1st period - Wrist shot by Jarret Stoll.
1:36 of 1st period - Shot Misses the Net.
1:50 of 1st period - Snap shot by Lauri Korpikoski.
1:50 of 1st period - Shot Blocked by Francois Beauchemin.
2:26 of 1st period - Wrist shot by Radim Vrbata.
2:26 of 1st period - Goal by Radim Vrbata - Islanders : 0 - Hurricanes : 1.
2:27 of 1st period - Marcel Goc wins face-off versus Mark Arcobello in neutral zone.
2:33 of 1st period - Off-side.
2:34 of 1st period - Marcel Goc wins face-off versus Mark Arcobello in neutral zone.
3:11 of 1st period - Snap shot by Erik Karlsson.
3:11 of 1st period - Shot Misses the Net.
3:57 of 1st period - Slapshot by Brian Flynn.
3:57 of 1st period - Stopped by Braden Holtby with a rebound.
3:59 of 1st period - Wrist shot by Brian Flynn.
3:59 of 1st period - Shot Hit the Post.
4:01 of 1st period - Slapshot by Brian Flynn.
4:01 of 1st period - Shot Hit the Post.
4:48 of 1st period - Rob Scuderi is hit by Mikhail Grabovski and loses puck.
4:57 of 1st period - Snap shot by Radim Vrbata.
4:57 of 1st period - Stopped by Braden Holtby without a rebound.
4:58 of 1st period - David Krejci wins face-off versus Mikhail Grabovski in Islanders zone.
5:27 of 1st period - Minor Penalty to Jiri Hudler for Roughing.
5:28 of 1st period - David Krejci wins face-off versus Stephen Gionta in Hurricanes zone.
5:28 of 1st period - Slapshot by Erik Karlsson.
5:28 of 1st period - Deflect By Tyler Ennis.
5:28 of 1st period - Shot Blocked by Brian Flynn.
5:28 of 1st period - Puck is out of play.
5:29 of 1st period - Stephen Gionta wins face-off versus David Krejci in Hurricanes zone.
6:32 of 1st period - Francois Beauchemin is hit by Joe Pavelski and loses puck.
7:27 of 1st period - Penalty to Jiri Hudler is over, Jiri Hudler is back on ice.
7:31 of 1st period - Olli Maatta is hit by Thomas Hickey and loses puck.
7:52 of 1st period - Rob Scuderi is hit by Francois Beauchemin and loses puck.
8:51 of 1st period - Craig Adams is hit by Radim Vrbata and loses puck.
10:36 of 1st period - Carl Hagelin is hit by Marian Gaborik and loses puck.
11:25 of 1st period - Rob Scuderi is hit by Dainius Zubrus and loses puck.
12:15 of 1st period - Wrist shot by Stephen Gionta.
12:15 of 1st period - Shot Blocked by Olli Maatta.
12:17 of 1st period - Slapshot by Thomas Hickey.
12:17 of 1st period - Stopped by Braden Holtby with a rebound.
12:31 of 1st period - Slapshot by Marian Gaborik.
12:31 of 1st period - Stopped by Braden Holtby without a rebound.
12:32 of 1st period - Mike Fisher wins face-off versus Jamie Benn in Islanders zone.
12:35 of 1st period - Slapshot by Marian Gaborik.
12:35 of 1st period - Stopped by Braden Holtby without a rebound.
12:36 of 1st period - Mike Fisher wins face-off versus Joe Pavelski in Islanders zone.
12:42 of 1st period - Minor Penalty to Jamie Benn for Tripping.
12:43 of 1st period - Jarret Stoll wins face-off versus Mikhail Grabovski in Islanders zone.
13:37 of 1st period - Snap shot by Mike Fisher.
13:37 of 1st period - Shot Blocked by Jarret Stoll.
13:59 of 1st period - Aaron Ness is hit by Jarret Stoll and loses puck.
14:10 of 1st period - Kyle Quincey is hit by Dan Girardi and loses puck.
14:17 of 1st period - Mike Fisher is hit by Lauri Korpikoski and loses puck.
14:41 of 1st period - Minor Penalty to Thomas Hickey for Hooking.
14:42 of 1st period - Penalty to Jamie Benn is over, Jamie Benn is back on ice.
14:42 of 1st period - Mark Arcobello wins face-off versus David Krejci in Hurricanes zone.
14:42 of 1st period - Mark Arcobello is hit by Tyler Ennis.
15:19 of 1st period - Snap shot by Tyler Ennis.
15:19 of 1st period - Stopped by Brian Elliott without a rebound.
15:20 of 1st period - Joe Pavelski wins face-off versus Stephen Gionta in Hurricanes zone.
15:25 of 1st period - Wrist shot by Chris Kunitz.
15:25 of 1st period - Shot Misses the Net.
15:41 of 1st period - Snap shot by Dainius Zubrus.
15:41 of 1st period - Shot Misses the Net.
16:14 of 1st period - Slapshot by Dan Girardi.
16:14 of 1st period - Stopped by Braden Holtby with a rebound.
16:16 of 1st period - Wrist shot by Francois Beauchemin.
16:16 of 1st period - Stopped by Braden Holtby with a rebound.
16:18 of 1st period - Slapshot by Francois Beauchemin.
16:18 of 1st period - Deflect By Stephen Gionta.
16:18 of 1st period - Goal by Stephen Gionta - Islanders : 0 - Hurricanes : 2.
16:19 of 1st period - David Krejci wins face-off versus Mark Arcobello in neutral zone.
16:41 of 1st period - Penalty to Thomas Hickey is over, Thomas Hickey is back on ice.
19:33 of 1st period - Wrist shot by Mark Arcobello.
19:33 of 1st period - Shot Blocked by Rob Scuderi.
Goals for this period are 0 for Islanders vs 2 for Hurricanes.
Shots for this period are 2 for Islanders vs 9 for Hurricanes.

2nd period


0:01 of 2nd period - Joe Pavelski wins face-off versus Mark Arcobello in neutral zone.
0:51 of 2nd period - Snap shot by Jiri Hudler.
0:51 of 2nd period - Stopped by Braden Holtby with a rebound.
0:53 of 2nd period - Snap shot by Francois Beauchemin.
0:53 of 2nd period - Shot Misses the Net.
0:55 of 2nd period - Snap shot by Radim Vrbata.
0:55 of 2nd period - Stopped by Braden Holtby with a rebound.
0:57 of 2nd period - Snap shot by Thomas Hickey.
0:57 of 2nd period - Shot Blocked by Erik Karlsson.
0:59 of 2nd period - Slapshot by Thomas Hickey.
0:59 of 2nd period - Shot Blocked by Tyler Ennis.
1:35 of 2nd period - Wrist shot by Stephen Gionta.
1:35 of 2nd period - Stopped by Braden Holtby with a rebound.
1:43 of 2nd period - Slapshot by Chris Kunitz.
1:43 of 2nd period - Stopped by Brian Elliott without a rebound.
1:44 of 2nd period - David Krejci wins face-off versus Marian Gaborik in Hurricanes zone.
1:55 of 2nd period - David Krejci is hit by Nate Prosser and loses puck.
2:14 of 2nd period - Wrist shot by Chris Kunitz.
2:14 of 2nd period - Stopped by Brian Elliott with a rebound.
2:36 of 2nd period - Wrist shot by Jarret Stoll.
2:36 of 2nd period - Shot Misses the Net.
3:34 of 2nd period - Dainius Zubrus is hit by Craig Adams and loses puck.
3:39 of 2nd period - Slapshot by Erik Karlsson.
3:39 of 2nd period - Stopped by Brian Elliott with a rebound.
3:56 of 2nd period - Snap shot by Marty Havlat.
3:56 of 2nd period - Stopped by Braden Holtby with a rebound.
4:19 of 2nd period - Icing by Travis Hamonic.
4:20 of 2nd period - Jarret Stoll wins face-off versus Mikhail Grabovski in Islanders zone.
4:20 of 2nd period - Jarret Stoll is hit by Jiri Hudler.
5:24 of 2nd period - Marcel Goc is hit by Stephen Gionta and loses puck.
7:20 of 2nd period - Slapshot by Jiri Hudler.
7:20 of 2nd period - Stopped by Braden Holtby with a rebound.
7:22 of 2nd period - Slapshot by Zbynek Michalek.
7:22 of 2nd period - Shot Blocked by Carl Hagelin.
7:24 of 2nd period - Wrist shot by Radim Vrbata.
7:24 of 2nd period - Shot Misses the Net.
7:26 of 2nd period - Slapshot by Nate Prosser.
7:26 of 2nd period - Stopped by Braden Holtby with a rebound.
7:51 of 2nd period - Slapshot by Francois Beauchemin.
7:51 of 2nd period - Stopped by Braden Holtby with a rebound.
7:57 of 2nd period - Snap shot by Viktor Stalberg.
7:57 of 2nd period - Stopped by Braden Holtby without a rebound.
7:58 of 2nd period - Jarret Stoll wins face-off versus Mike Fisher in Islanders zone.
8:35 of 2nd period - Paul Martin is hit by Marian Gaborik and loses puck.
8:36 of 2nd period - Paul Martin from Islanders is injured at 8:36 of 2nd period (Right Leg).
8:37 of 2nd period - Mikhail Grabovski wins face-off versus Joe Pavelski in Islanders zone.
8:38 of 2nd period - Wrist shot by Radim Vrbata.
8:38 of 2nd period - Deflect By Jiri Hudler.
8:38 of 2nd period - Goal by Jiri Hudler - Islanders : 0 - Hurricanes : 3.
8:39 of 2nd period - Mikhail Grabovski wins face-off versus Joe Pavelski in neutral zone.
8:59 of 2nd period - Snap shot by Jamie Benn.
8:59 of 2nd period - Stopped by Brian Elliott without a rebound.
9:00 of 2nd period - Mark Arcobello wins face-off versus Chris Kunitz in Hurricanes zone.
9:29 of 2nd period - Wrist shot by Chris Kunitz.
9:29 of 2nd period - Shot Misses the Net.
9:39 of 2nd period - Dainius Zubrus is hit by Travis Hamonic and loses puck.
9:58 of 2nd period - Zbynek Michalek is hit by Tyler Ennis.
10:11 of 2nd period - Icing by Zbynek Michalek.
10:12 of 2nd period - Mikhail Grabovski wins face-off versus Jarret Stoll in Hurricanes zone.
10:22 of 2nd period - Rob Scuderi is hit by Zbynek Michalek and loses puck.
12:04 of 2nd period - Wrist shot by Colton Sceviour.
12:04 of 2nd period - Stopped by Brian Elliott without a rebound.
12:05 of 2nd period - David Krejci wins face-off versus Mark Arcobello in Hurricanes zone.
12:42 of 2nd period - Snap shot by David Krejci.
12:42 of 2nd period - Stopped by Brian Elliott without a rebound.
12:43 of 2nd period - Stephen Gionta wins face-off versus Jarret Stoll in Hurricanes zone.
13:11 of 2nd period - Viktor Stalberg is hit by Kyle Quincey and loses puck.
13:20 of 2nd period - Erik Karlsson is hit by Francois Beauchemin.
13:45 of 2nd period - Slapshot by Mike Fisher.
13:45 of 2nd period - Shot Misses the Net.
14:12 of 2nd period - Radim Vrbata is hit by Jamie Benn and loses puck.
14:35 of 2nd period - Wrist shot by Jiri Hudler.
14:35 of 2nd period - Shot Blocked by Joe Pavelski.
14:37 of 2nd period - Slapshot by Nate Prosser.
14:37 of 2nd period - Deflect By Jiri Hudler.
14:37 of 2nd period - Stopped by Braden Holtby with a rebound.
14:39 of 2nd period - Wrist shot by Mikhail Grabovski.
14:39 of 2nd period - Shot Blocked by Erik Karlsson.
14:41 of 2nd period - Wrist shot by Jiri Hudler.
14:41 of 2nd period - Hurricanes goal is going for a video replay.
14:41 of 2nd period - The goal is refused. The goalkeeper has been pushed into the net together with the puck after making a save..
14:42 of 2nd period - Carl Hagelin wins face-off versus Mark Arcobello in Islanders zone.
14:57 of 2nd period - Wrist shot by Chris Kunitz.
14:57 of 2nd period - Shot Misses the Net.
14:59 of 2nd period - Backhand shot by Travis Hamonic.
14:59 of 2nd period - Shot Misses the Net.
15:01 of 2nd period - Slapshot by Kyle Quincey.
15:01 of 2nd period - Stopped by Brian Elliott without a rebound.
15:02 of 2nd period - David Krejci wins face-off versus Mark Arcobello in Hurricanes zone.
15:11 of 2nd period - Wrist shot by Chris Kunitz.
15:11 of 2nd period - Shot Blocked by Francois Beauchemin.
15:13 of 2nd period - Snap shot by Carl Hagelin.
15:13 of 2nd period - Goal by Carl Hagelin - Islanders : 1 - Hurricanes : 3.
15:14 of 2nd period - David Krejci wins face-off versus Mike Fisher in neutral zone.
15:32 of 2nd period - Wrist shot by Mike Fisher.
15:32 of 2nd period - Deflect By Marian Gaborik.
15:32 of 2nd period - Stopped by Braden Holtby with a rebound.
15:34 of 2nd period - Snap shot by Mike Fisher.
15:34 of 2nd period - Shot Blocked by Kyle Quincey.
15:36 of 2nd period - Snap shot by Aaron Ness.
15:36 of 2nd period - Shot Blocked by Travis Hamonic.
15:38 of 2nd period - Slapshot by Dan Girardi.
15:38 of 2nd period - Stopped by Braden Holtby with a rebound.
16:02 of 2nd period - Dan Girardi is hit by Jamie Benn and loses puck.
16:15 of 2nd period - Wrist shot by Mikhail Grabovski.
16:15 of 2nd period - Shot Blocked by Travis Hamonic.
16:17 of 2nd period - Slapshot by Francois Beauchemin.
16:17 of 2nd period - Shot Misses the Net.
16:19 of 2nd period - Slapshot by Francois Beauchemin.
16:19 of 2nd period - Stopped by Braden Holtby without a rebound.
16:20 of 2nd period - Jarret Stoll wins face-off versus Mark Arcobello in Islanders zone.
16:55 of 2nd period - Backhand shot by Jarret Stoll.
16:55 of 2nd period - Shot Misses the Net.
17:11 of 2nd period - Wrist shot by Jamie Benn.
17:11 of 2nd period - Stopped by Brian Elliott without a rebound.
17:12 of 2nd period - Joe Pavelski wins face-off versus Stephen Gionta in Hurricanes zone.
17:19 of 2nd period - Slapshot by Jamie Benn.
17:19 of 2nd period - Shot Misses the Net.
17:21 of 2nd period - Snap shot by Jamie Benn.
17:21 of 2nd period - Goal by Jamie Benn - Islanders : 2 - Hurricanes : 3.
17:22 of 2nd period - Brian Flynn wins face-off versus Joe Pavelski in neutral zone.
17:25 of 2nd period - Rob Scuderi is hit by Dan Girardi and loses puck.
17:32 of 2nd period - Snap shot by Jamie Benn.
17:32 of 2nd period - Shot Blocked by Aaron Ness.
17:46 of 2nd period - Wrist shot by Jamie Benn.
17:46 of 2nd period - Stopped by Brian Elliott without a rebound.
17:47 of 2nd period - Mikhail Grabovski wins face-off versus Carl Hagelin in Hurricanes zone.
18:24 of 2nd period - Wrist shot by Chris Kunitz.
18:24 of 2nd period - Stopped by Brian Elliott without a rebound.
18:25 of 2nd period - Mike Fisher wins face-off versus Joe Pavelski in Hurricanes zone.
18:32 of 2nd period - Snap shot by Marian Gaborik.
18:32 of 2nd period - Stopped by Braden Holtby without a rebound.
18:33 of 2nd period - Jamie Benn wins face-off versus Mike Fisher in Islanders zone.
18:33 of 2nd period - Jamie Benn is hit by Mike Fisher.
18:41 of 2nd period - Dan Girardi is hit by Travis Hamonic and loses puck.
19:34 of 2nd period - Snap shot by Viktor Stalberg.
19:34 of 2nd period - Shot Blocked by Olli Maatta.
19:40 of 2nd period - Thomas Hickey is hit by Jarret Stoll.
Goals for this period are 2 for Islanders vs 1 for Hurricanes.
Shots for this period are 12 for Islanders vs 15 for Hurricanes.

3rd period


0:01 of 3rd period - Joe Pavelski wins face-off versus Mikhail Grabovski in neutral zone.
0:06 of 3rd period - Snap shot by Jamie Benn.
0:06 of 3rd period - Deflect By Tyler Ennis.
0:06 of 3rd period - Stopped by Brian Elliott with a rebound.
0:08 of 3rd period - Snap shot by Joe Pavelski.
0:08 of 3rd period - Shot Blocked by Zbynek Michalek.
0:10 of 3rd period - Snap shot by Travis Hamonic.
0:10 of 3rd period - Deflect By Joe Pavelski.
0:10 of 3rd period - Shot Misses the Net.
0:10 of 3rd period - Puck is out of play.
0:11 of 3rd period - Mikhail Grabovski wins face-off versus Joe Pavelski in Hurricanes zone.
0:48 of 3rd period - Nate Prosser is hit by Kyle Quincey and loses puck.
1:29 of 3rd period - Francois Beauchemin is hit by Kyle Quincey and loses puck.
1:36 of 3rd period - Carl Hagelin is hit by Dan Girardi and loses puck.
2:06 of 3rd period - Olli Maatta is hit by Dan Girardi and loses puck.
2:36 of 3rd period - Francois Beauchemin is hit by Colton Sceviour and loses puck.
2:49 of 3rd period - Snap shot by Zbynek Michalek.
2:49 of 3rd period - Stopped by Braden Holtby with a rebound.
2:51 of 3rd period - Slapshot by Nate Prosser.
2:51 of 3rd period - Stopped by Braden Holtby with a rebound.
2:53 of 3rd period - Slapshot by Brian Flynn.
2:53 of 3rd period - Shot Blocked by Craig Adams.
2:55 of 3rd period - Slapshot by Zbynek Michalek.
2:55 of 3rd period - Shot Blocked by Erik Karlsson.
2:57 of 3rd period - Snap shot by Viktor Stalberg.
2:57 of 3rd period - Shot Misses the Net.
2:59 of 3rd period - Slapshot by Nate Prosser.
2:59 of 3rd period - Shot Blocked by Erik Karlsson.
3:05 of 3rd period - Wrist shot by Viktor Stalberg.
3:05 of 3rd period - Shot Blocked by Erik Karlsson.
3:23 of 3rd period - Travis Hamonic is hit by Nate Prosser and loses puck.
4:17 of 3rd period - Wrist shot by Mark Arcobello.
4:17 of 3rd period - Stopped by Braden Holtby with a rebound.
4:29 of 3rd period - Thomas Hickey is hit by David Krejci.
5:22 of 3rd period - Snap shot by Viktor Stalberg.
5:22 of 3rd period - Deflect By Brian Flynn.
5:22 of 3rd period - Shot Misses the Net.
5:22 of 3rd period - Puck is out of play.
5:23 of 3rd period - Stephen Gionta wins face-off versus Marcel Goc in Islanders zone.
5:24 of 3rd period - Snap shot by Viktor Stalberg.
5:24 of 3rd period - Shot Misses the Net.
5:26 of 3rd period - Wrist shot by Francois Beauchemin.
5:26 of 3rd period - Stopped by Braden Holtby with a rebound.
5:28 of 3rd period - Slapshot by Francois Beauchemin.
5:28 of 3rd period - Shot Blocked by Marcel Goc.
6:31 of 3rd period - Snap shot by Jiri Hudler.
6:31 of 3rd period - Stopped by Braden Holtby with a rebound.
6:49 of 3rd period - Tyler Ennis is hit by Mark Arcobello and loses puck.
7:04 of 3rd period - Mark Arcobello is hit by Tyler Ennis and loses puck.
7:20 of 3rd period - Icing by Joe Pavelski.
7:21 of 3rd period - Loui Eriksson wins face-off versus Tyler Ennis in Islanders zone.
7:49 of 3rd period - Wrist shot by Loui Eriksson.
7:49 of 3rd period - Shot Blocked by Olli Maatta.
8:06 of 3rd period - Stephen Gionta is hit by David Krejci and loses puck.
8:50 of 3rd period - Dan Girardi is hit by Jarret Stoll.
11:26 of 3rd period - Travis Hamonic is hit by Nate Prosser and loses puck.
11:43 of 3rd period - Olli Maatta is hit by Stephen Gionta and loses puck.
11:56 of 3rd period - Thomas Hickey is hit by Craig Adams and loses puck.
12:11 of 3rd period - Snap shot by Lauri Korpikoski.
12:11 of 3rd period - Shot Misses the Net.
12:31 of 3rd period - Wrist shot by Joe Pavelski.
12:31 of 3rd period - Shot Misses the Net.
12:37 of 3rd period - Wrist shot by Jamie Benn.
12:37 of 3rd period - Shot Misses the Net.
12:39 of 3rd period - Wrist shot by Joe Pavelski.
12:39 of 3rd period - Shot Misses the Net.
12:41 of 3rd period - Snap shot by Jamie Benn.
12:41 of 3rd period - Shot Misses the Net.
12:57 of 3rd period - Slapshot by Chris Kunitz.
12:57 of 3rd period - Stopped by Brian Elliott without a rebound.
12:58 of 3rd period - Mikhail Grabovski wins face-off versus Marcel Goc in Hurricanes zone.
13:00 of 3rd period - Minor Penalty to Mikhail Grabovski for Goalie Interference.
13:01 of 3rd period - Mark Arcobello wins face-off versus David Krejci in Hurricanes zone.
13:14 of 3rd period - Slapshot by Erik Karlsson.
13:14 of 3rd period - Shot Misses the Net.
13:16 of 3rd period - Slapshot by Olli Maatta.
13:16 of 3rd period - Stopped by Brian Elliott with a rebound.
13:18 of 3rd period - Snap shot by Olli Maatta.
13:18 of 3rd period - Stopped by Brian Elliott without a rebound.
13:19 of 3rd period - Mark Arcobello wins face-off versus David Krejci in Hurricanes zone.
13:42 of 3rd period - Thomas Hickey is hit by Tyler Ennis and loses puck.
14:30 of 3rd period - Kyle Quincey is hit by Stephen Gionta and loses puck.
15:00 of 3rd period - Penalty to Mikhail Grabovski is over, Mikhail Grabovski is back on ice.
15:12 of 3rd period - Lauri Korpikoski is hit by Dainius Zubrus and loses puck.
15:48 of 3rd period - Slapshot by Mike Fisher.
15:48 of 3rd period - Stopped by Braden Holtby with a rebound.
16:22 of 3rd period - Slapshot by Jiri Hudler.
16:22 of 3rd period - Stopped by Braden Holtby with a rebound.
16:24 of 3rd period - Slapshot by Dan Girardi.
16:24 of 3rd period - Stopped by Braden Holtby without a rebound.
16:25 of 3rd period - Marty Havlat wins face-off versus Marcel Goc in Islanders zone.
16:29 of 3rd period - Icing by Colton Sceviour.
16:30 of 3rd period - Marcel Goc wins face-off versus Mark Arcobello in Islanders zone.
16:52 of 3rd period - Nate Prosser is hit by Craig Adams and loses puck.
16:57 of 3rd period - Snap shot by Colton Sceviour.
16:57 of 3rd period - Shot Misses the Net.
16:59 of 3rd period - Snap shot by Travis Hamonic.
16:59 of 3rd period - Deflect By Marcel Goc.
16:59 of 3rd period - Shot Misses the Net.
16:59 of 3rd period - Puck is out of play.
17:00 of 3rd period - Mikhail Grabovski wins face-off versus Joe Pavelski in Hurricanes zone.
18:03 of 3rd period - Wrist shot by Chris Kunitz.
18:03 of 3rd period - Shot Misses the Net.
18:14 of 3rd period - Minor Penalty to Travis Hamonic for Tripping.
18:15 of 3rd period - Jarret Stoll wins face-off versus Radim Vrbata in Islanders zone.
19:08 of 3rd period - Slapshot by Mike Fisher.
19:08 of 3rd period - Shot Misses the Net.
19:10 of 3rd period - Snap shot by Dan Girardi.
19:10 of 3rd period - Goal by Dan Girardi - Islanders : 2 - Hurricanes : 4.
19:11 of 3rd period - Joe Pavelski wins face-off versus Mark Arcobello in neutral zone.
19:28 of 3rd period - Wrist shot by Jamie Benn.
19:28 of 3rd period - Stopped by Brian Elliott with a rebound.
19:30 of 3rd period - Slapshot by Erik Karlsson.
19:30 of 3rd period - Stopped by Brian Elliott without a rebound.
19:31 of 3rd period - Mark Arcobello wins face-off versus Joe Pavelski in Hurricanes zone.
19:54 of 3rd period - Snap shot by Jamie Benn.
19:54 of 3rd period - Shot Misses the Net.
19:56 of 3rd period - Slapshot by Erik Karlsson.
19:56 of 3rd period - Shot Blocked by Dainius Zubrus.
19:58 of 3rd period - Wrist shot by Tyler Ennis.
19:58 of 3rd period - Stopped by Brian Elliott with a rebound.
Goals for this period are 0 for Islanders vs 1 for Hurricanes.
Shots for this period are 7 for Islanders vs 9 for Hurricanes.


Output by the SimonT Hockey Simulator (STHS) for Eric Dolegowski -- Original Page W3C XHTML 1.0 Valid
Hockey Simulator - Hockey Simulation - Hockey Manager